 Dungeon Crawl Stone Soup version 0.29-a0-559-g359e09b9d1 (webtiles) character file.

Game seed: 9401133346499398132

237 dolemite99 the Digger (level 6, -4/45 HPs)
             Began as a Meteoran Earth Elementalist on June 10, 2022.
             Was a Follower of Sif Muna.
             Slain by a gnoll
             ... wielding a +0 halberd
              (9 damage)
             ... on level 4 of the Dungeon.
             The game lasted 00:03:19 (1730 turns).

dolemite99 the Digger (Meteoran Earth Elementalist) Turns: 1730, Time: 00:03:20

Health: -4/45      AC:  4    Str:  9    XL:     6   Next: 53%
Magic:  6/12       EV: 13    Int: 19    God:    Sif Muna [*.....]
Gold:   126        SH:  0    Dex: 15    Spells: 8/12 levels left

rFire   . . .      SeeInvis .   d - +1 trident (vamp)
rCold   . . .      Faith    .   (no shield)
rNeg    . . .      Spirit   .   b - +0 robe
rPois   .          Reflect  .   j - +2 hat
rElec   .          Harm     .   (no cloak)
rCorr   .          Rampage  .   (no gloves)
Will    .....                   (no boots)
Stlth   +.........              (no amulet)
HPRegen 0.15/turn               (no ring)
MPRegen 0.13/turn               (no ring)

@: attractive, very slightly contaminated, glowing
A: sense surroundings 1, otherworldly, glowing, explore regen
a: Renounce Religion, Channel Magic


You were on level 4 of the Dungeon.
You worshipped Sif Muna.
Sif Muna was aware of your devotion.
You visited 1 branch of the dungeon, and saw 4 of its levels.

You collected 126 gold pieces.

Inventory:

Hand Weapons
 d - a +1 vampiric trident (weapon)
 i - a +0 hand axe
Missiles
 r - 5 javelins
Armour
 b - a +0 robe (worn)
 h - a +1 leather armour of poison resistance
 j - a +2 hat (worn)
Magical Staves
 p - a staff of earth
Scrolls
 e - a scroll of noise {unknown}
 f - a scroll of immolation {unknown}
 g - a scroll of magic mapping {unknown}
 m - a scroll of poison {unknown}
 n - a scroll of teleportation {unknown}
 o - 2 scrolls of identify {unknown}
 t - a scroll of enchant armour {unknown}
Potions
 c - a potion of magic
 k - a potion of ambrosia {unknown}
 l - a potion of resistance {unknown}
 q - 2 potions of invisibility {unknown}
 s - 2 potions of heal wounds {unknown}


   Skills:
 - Level 3.4 Dodging
 - Level 2.1 Stealth
 - Level 3.5 Spellcasting
 + Level 4.3 Conjurations
 - Level 2.4 Transmutations
 - Level 4.3 Earth Magic


You had 8 spell levels left.
You knew the following spells:

 Your Spells              Type           Power      Damage    Failure   Level
a - Sandblast             Erth           38%        2d10      2%          1
b - Stone Arrow           Conj/Erth      38%        3d9       8%          3

Your spell library contained the following spells:

 Spells                   Type           Power      Damage    Failure   Level
 Passwall                 Tmut/Erth      13%        N/A       5%          2
 Petrify                  Tmut/Erth      16%        N/A       34%         4


Dungeon Overview and Level Annotations

Branches:
Dungeon (4/15)
 Temple: D:4-7

Altars:
Sif Muna


Innate Abilities, Weirdness & Mutations

You passively map a small area around you.
You are easily found by Zot.
You glow in the dark.
You regain HP and MP as you explore.


Message History

Nothing appears to happen.
The gnoll hits you from afar with a +0 halberd!
The hound barely misses you.
You barely miss the hound. The hound completely misses you.
The gnoll hits you from afar with a +0 halberd!
The hound barely misses you.
You closely miss the hound.
The gnoll hits you from afar with a +0 halberd!
* * * LOW HITPOINT WARNING * * *
The hound closely misses you. The gnoll completely misses you.
You hit the hound.
You feel better.
The hound is lightly wounded.
The hound misses you. x2; The gnoll misses you.
Okay, then.
Magic courses through your body. The hound bites you.
* * * LOW HITPOINT WARNING * * *
The gnoll closely misses you. The hound bites you.
* * * LOW HITPOINT WARNING * * *
Casting: Stone Arrow (dangerous; 9% risk of failure)
Confirm with . or Enter, or press ? or * to list all spells.
Aiming: Stone Arrow (dangerous; 9% risk of failure)
Press: ? - help, Shift-Dir - straight line, f/p - gnoll
Aim: a gnoll, wielding a +0 halberd (heavily wounded, 72% to hit)
The stone arrow hits the hound!!
You kill the hound!
Sif Muna accepts your kill. The gnoll barely misses you.
Your Conjurations skill increases to level 4!
Casting: Stone Arrow (dangerous; 8% risk of failure)
Confirm with . or Enter, or press ? or * to list all spells.
Aiming: Stone Arrow (dangerous; 8% risk of failure)
Press: ? - help, Shift-Dir - straight line, f/p - gnoll
Aim: a gnoll, wielding a +0 halberd (heavily wounded, 72% to hit)
You miscast Stone Arrow.
Nothing appears to happen.
The gnoll misses you. The gnoll barely misses you.
It was a potion of attraction.
You feel attractive to monsters. The gnoll hits you but does no damage.
The gnoll hits you from afar with a +0 halberd!
You die...

* #....., #?...#
, , ** #....#
....# ,, , *
...##, * * g..
#.#g# #.#@### * *
#.#)..## *,
#......# #......#
, ##.....#
##...##
#..############..
#..##....<......#
#.....#########.#


You could see 2 gnolls.

Vanquished Creatures
  A wight (D:3)
  A hound (D:4)
  Jessica (D:2)
  A gnoll (D:4)
  5 adders
  2 river rats (D:3)
  2 worms (D:2)
  4 dart slugs
  5 endoplasms
  A goblin (D:2)
  3 hobgoblins
  6 kobolds
  2 quokkas
  5 ball pythons
  4 bats
  A frilled lizard (D:1)
  3 rats (D:2)
47 creatures vanquished.

Notes
Turn   | Place    | Note
-------+----------+-------------------------------------------
     0 | D:1      | dolemite99 the Meteoran Earth Elementalist began the quest
                  | for the Orb.
     0 | D:1      | Reached XP level 1. HP: 14/14 MP: 5/5
   141 | D:1      | Reached XP level 2. HP: 15/20 MP: 2/6
   325 | D:1      | Reached XP level 3. HP: 26/26 MP: 5/8
   788 | D:2      | Found a shimmering blue altar of Sif Muna.
   804 | D:2      | Became a worshipper of Sif Muna the Loreminder
   884 | D:2      | Reached XP level 4. HP: 33/33 MP: 6/9
  1157 | D:3      | Reached XP level 5. HP: 38/38 MP: 6/11
  1223 | D:2      | Learned a level 3 spell: Stone Arrow
  1238 | D:2      | Noticed Jessica
  1243 | D:2      | Killed Jessica
  1244 | D:2      | Reached skill level 1 in Conjurations
  1319 | D:2      | Found a faded altar of an unknown god.
  1683 | D:3      | Glimpsed the power of Zot.
  1695 | D:3      | Reached XP level 6. HP: 38/45 MP: 2/12
  1717 | D:4      | Reached * piety under Sif Muna
  1730 | D:4      | Slain by a gnoll

Illustrated notes

Levels and vault maps discovered:
D:1:      minmay_arrival_four_circles, layout_basic, minmay_misc_feat_iff,
          nicolae_figureground_sparkle
D:2:      layout_basic, shapermc_ecumenical_altar_hornbeckon, basic_altar,
          uniq_jessica
D:3:      layout_loops_ring, lightli_sewer_entry_pipes, kennysheep_potato
D:4:      layout_loops_ring, minivault_27, roderic_roman_lattice,
          kennysheep_nub, uniq_edmund

Skill      XL: |  1  2  3  4  5  6 |
---------------+-------------------+-----
Spellcasting   | 3 |  3.5
Dodging        | 3 |  3.4
Transmutations | 2 |  2.4
Earth Magic    | 4 |  4.3
Stealth        | 2 |  2.1
Conjurations   | 3 4 |  4.3

Action                   |  1- 3 |  4- 6 || total
-------------------------+-------+-------++-------
Melee: Trident           |    12 |    24 ||    36
       Punch             |       |     1 ||     1
 Cast: Sandblast         |    27 |    30 ||    57
       Stone Arrow       |       |     5 ||     5
  Use: Scroll            |       |     1 ||     1
       Potion            |       |     2 ||     2
Armor: Robe              |    12 |    13 ||    25
Dodge: Dodged            |    18 |    28 ||    46

Table legend: (Time is in decaauts)
 A = Elapsed time spent in this place.
 B = Non-inter-level travel time spent in this place.
 C = Inter-level travel time spent in this place.
 D = Time resting spent in this place.
 E = Time spent auto-exploring this place.
 F = Levels seen in this place.
 G = Mean time per level.
                   A        B        C        D        E       F      G
               +--------+--------+--------+--------+--------+-----+--------+
         Total |   1748 |   1657 |     91 |     36 |   1116 |   4 |  437.0 |
       Dungeon |   1748 |   1657 |     91 |     36 |   1116 |   4 |  437.0 |
               +--------+--------+--------+--------+--------+-----+--------+

Top non-repeatable levels by time:
     D:2: 785 daAuts
     D:1: 669 daAuts
     D:3: 260 daAuts
     D:4: 33 daAuts
